AoeStats
← Schantiiniiii

Coastal Forest

503686000Analyzed
3v3 RM · 1mo ago on Sep 1, 2026· 65m 19s· 6 players
Game mode
Random Map
Map size
Normal (6 player)
Population
200
Speed
Normal
Resources
Standard
Victory
Conquest
Starting age
Dark Age
Ending age
Imperial Age
RankedLock teamsTeams togetherTeam positionsShared explorationLock speedFull tech treeHidden civsTurbo modeCheats
Victory
Defeat
🇩🇪 Dravidians · Germany
1716
+9
🇨🇭 Magyars · Switzerland
1640
+12
🇫🇷 Franks · France
1528
+17
🇩🇪 Malay · Germany
1588
-14
🇩🇪 Bulgarians · Germany
1536
-12
🇨🇱 Mongols · Chile
1502
-10
b4ron1
6:44 Loom
9:31 Feudal Age
12:25 Double-Bit Axe
22:08 Castle Age
20:40 Fletching
20:50 Padded Archer Armor
22:51 Bodkin Arrow
23:18 Bow Saw
23:45 Horse Collar
26:38 Husbandry
27:26 Town Watch
35:00 Wheelbarrow
36:55 Bloodlines
36:55 Scale Barding Armor
37:00 Forging
39:37 Imperial Age
37:56 Hand Cart
37:43 Town Patrol
37:50 Gold Mining
37:54 Stone Mining
38:43 Scale Mail Armor
39:34 Chain Barding Armor
39:37 Ballistics
39:25 Pikeman
40:07 Squires
40:30 Chain Mail Armor
40:50 Iron Casting
40:35 Masonry
40:46 Bracer
40:36 Halberdier
43:40 Conscription
46:03 Plate Mail Armor
46:33 Blast Furnace
46:48 Coinage
48:02 Blast Furnace
47:38 Plate Barding Armor
48:06 Chemistry
47:36 Architecture
48:09 Heavy Plow
47:45 Onager
48:27 Capped Ram
50:11 Gold Shaft Mining
50:31 Stirrups
51:09 Banking
50:27 Siege Ram
52:41 Crop Rotation
52:01 Elite Konnik
56:36 Bagains
60:30 Caravan
62:03 Light Cavalry
63:52 Hussar
FunKinGGusTI
7:06 Loom
9:48 Feudal Age
9:30 Double-Bit Axe
13:30 Fletching
21:56 Castle Age
20:23 Gold Mining
21:41 Bodkin Arrow
22:43 Padded Archer Armor
22:23 Crossbowman
23:38 Padded Archer Armor
24:51 Ballistics
25:58 Leather Archer Armor
32:53 Imperial Age
31:19 Bow Saw
32:15 Thumb Ring
32:25 Bracer
33:48 Chemistry
34:00 Arbalester
36:48 Thumb Ring
40:21 Siphons
43:13 Medium Warships
44:29 Heavy Warships
46:10 Shipwright
52:49 Elite Cannon Galleon
58:13 Caravan
59:07 Gold Shaft Mining
Hennessy
9:52 Feudal Age
8:12 Loom
9:57 Feudal Age
14:53 Castle Age
13:02 Double-Bit Axe
14:22 Scale Barding Armor
14:08 Gold Mining
18:12 Bloodlines
18:21 Horse Collar
19:57 Wheelbarrow
19:40 Husbandry
20:14 Forging
22:32 Town Watch
26:36 Bow Saw
27:59 Iron Casting
28:10 Heavy Plow
30:45 Chain Barding Armor
30:57 Town Patrol
32:32 Fletching
40:01 Hand Cart
41:12 Bodkin Arrow
47:43 Imperial Age
47:12 Gold Shaft Mining
46:49 Light Cavalry
47:48 Heavy Camel Rider
49:31 Blast Furnace
50:10 Conscription
49:40 Elite Steppe Lancer
54:07 Hand Cart
56:51 Hussar
62:54 Caravan
twitch.tv/gliedi69
6:31 Loom
8:43 Feudal Age
9:49 Double-Bit Axe
18:46 Scale Barding Armor
18:53 Forging
21:53 Castle Age
21:16 Gold Mining
22:16 Wheelbarrow
22:36 Husbandry
23:04 Chain Barding Armor
23:45 Bow Saw
29:05 Hand Cart
36:01 Imperial Age
34:25 Iron Casting
36:23 Stone Mining
36:09 Cavalier
37:25 Plate Barding Armor
39:12 Conscription
42:59 Blast Furnace
43:49 Light Cavalry
48:02 Paladin
63:30 Pikeman
64:11 Squires
63:56 Arson
64:12 Scale Mail Armor
64:03 Fletching
65:14 Chain Mail Armor
Pfienz
2:05 Loom
9:44 Feudal Age
11:19 Fletching
14:32 Double-Bit Axe
15:31 Horse Collar
16:34 Padded Archer Armor
23:57 Castle Age
24:01 Crossbowman
25:21 Bodkin Arrow
27:13 Ballistics
31:51 Leather Archer Armor
32:51 Guard Tower
40:35 Imperial Age
39:39 Thumb Ring
42:02 Wheelbarrow
41:44 Bow Saw
41:31 Arbalester
42:51 Bracer
44:22 Ring Archer Armor
45:00 Chemistry
44:04 Heavy Plow
46:15 Keep
47:50 Murder Holes
47:55 Arrowslits
Schantiiniiii
11:00 Feudal Age
11:57 Loom
14:43 Castle Age
15:06 Double-Bit Axe
15:58 Medium Warships
20:12 Fishing Lines
22:11 Bow Saw
22:03 Town Watch
23:06 Gillnets
25:58 Scale Barding Armor
26:15 Gold Mining
27:07 Chain Barding Armor
27:02 Bloodlines
27:17 Horse Collar
27:48 Husbandry
32:39 Gold Shaft Mining
34:35 Wheelbarrow
37:29 Imperial Age
35:05 Heavy Plow
36:43 Hand Cart
36:27 Stone Mining
37:25 Light Cavalry
37:36 Cavalier
38:53 Plate Barding Armor
40:52 Caravan
42:11 Two-Man Saw
41:21 Hussar
41:28 Paladin
42:50 Coinage
45:07 Heavy Warships
46:10 Fletching
45:50 Hussar
48:34 Conscription
49:15 Ballistics
49:20 Bodkin Arrow
49:44 Clinker Construction
49:45 Careening
50:00 Bracer
51:02 Chemistry
58:15 Masonry
62:20 Crop Rotation
61:34 Treadmill Crane
Connection lost

Rejoining the realm…

Still unreachable

The connection could not be restored.

Session expired

The server has moved on; the page needs a fresh start.